 Dungeon Crawl Stone Soup version 0.19-a0-1815-g4007336 (console) character file.

65 brucemayne the Chopper (level 4, 0/40 HPs)
             Began as a Hill Orc Monk on Oct 5, 2016.
             Was a Believer of Makhleb.
             Slain by an orc
             ... wielding a +1 hand axe of distortion
              (19 damage)
             ... on level 5 of the Dungeon.
             The game lasted 00:03:05 (641 turns).

brucemayne the Chopper (Hill Orc Monk)               Turns: 641, Time: 00:03:05

Health: 0/40       AC:  5    Str: 14    XL:     4   Next: 13%
Magic:  4/4        EV: 12    Int: 10    God:    Makhleb [**....]
Gold:   27         SH:  0    Dex: 13    Spells: 0 memorised, 3 levels left

rFire  . . .     SeeInvis .     a - +0 hand axe
rCold  . . .     Gourm    .     p - +0 leather armour
rNeg   . . .     Faith    .     (no shield)
rPois  .         Spirit   .     j - +0 helmet
rElec  .         Dismiss  .     g - +0 cloak
rCorr  .         Reflect  .     (no gloves)
MR     .....     Harm     .     (no boots)
Stlth  ++........               (no amulet)
                                (no ring)
                                (no ring)

@: no status effects
A: no striking features
a: Minor Destruction, Renounce Religion


You were on level 5 of the Dungeon.
You worshipped Makhleb.
Makhleb was pleased with you.
You were not hungry.

You visited 1 branch of the dungeon, and saw 6 of its levels.

You collected 27 gold pieces.

Inventory:

Hand Weapons
 a - a +0 hand axe (weapon)
 e - a +2 great mace of protection
Armour
 b - a +0 robe
 g - a +0 cloak (worn)
 j - a +0 helmet (worn)
 p - a +0 leather armour (worn)
Wands
 d - a wand of paralysis (8/24)
Scrolls
 f - a scroll of amnesia {unknown}
 k - 2 scrolls of random uselessness {unknown}
 l - a scroll of identify {unknown}
 m - a scroll of noise {unknown}
 n - a scroll of magic mapping {unknown}
 q - a scroll of enchant armour {unknown}
Potions
 o - a potion of brilliance {unknown}
Comestibles
 c - a bread ration
 h - a royal jelly
 i - a beef jerky


   Skills:
 - Level 3.8 Fighting
 + Level 6.0 Axes
 - Level 2.6 Dodging
 - Level 1.5 Stealth


You had 3 spell levels left.
You didn't know any spells.

Dungeon Overview and Level Annotations

Branches:
Dungeon (6/15)
 Temple: D:4-7

Altars:
Makhleb


Message History

a flail; a leather armour
p - a leather armour Wear which item? (? for menu, Esc to quit)
You start removing your armour.
You continue taking off your +0 robe. x4
You finish taking off your +0 robe.
You start putting on your armour.
You continue putting on your leather armour. x5
You finish putting on your +0 leather armour.
Unknown command.
Found a scroll labeled BUSEBB YMOATZIAWK.
q - a scroll labeled BUSEBB YMOATZIAWK
There are no items here.
The orc is too close now for your liking.
The orc shouts!
The orc barely misses you.
You hit the orc.
The orc is lightly wounded.
The orc hits you with a hand axe of distortion.
Space warps horribly around you!
You die...

#.. ##.# #... #... #...
#####################...
........................
###......############...
.......@................
#.....o..###############
#.....#### ..... #.....
..... #.... ..... .....
##### .###


You could see an orc.

Vanquished Creatures
  An orc wizard (D:3)
  An adder (D:4)
  A leopard gecko (D:3)
  6 orcs
  A goblin (D:3)
  2 hobgoblins
  3 jackals (D:5)
  A bat (D:3)
  A frilled lizard (D:4)
  2 kobolds (D:2)
  3 rats
22 creatures vanquished.

Notes
Turn   | Place    | Note
-------+----------+-------------------------------------------
     0 | D:1      | brucemayne the Hill Orc Monk began the quest for the Orb.
     0 | D:1      | Reached XP level 1. HP: 19/19 MP: 1/1
   109 | D:3      | Reached XP level 2. HP: 21/27 MP: 2/2
   178 | D:5      | Entered Level 5 of the Dungeon
   280 | D:3      | Reached skill level 5 in Axes
   280 | D:3      | Reached XP level 3. HP: 27/33 MP: 3/3
   381 | D:4      | Reached XP level 4. HP: 12/40 MP: 4/4
   448 | D:5      | Reached skill level 6 in Axes
   471 | D:5      | Found a burning altar of Makhleb.
   474 | D:5      | Noticed an Executioner
   478 | D:5      | Noticed a ynoxinul
   478 | D:5      | Noticed a smoke demon
   480 | D:5      | Became a worshipper of Makhleb the Destroyer
   480 | D:5      | Reached * piety under Makhleb
   480 | D:5      | Reached ** piety under Makhleb
   505 | D:5      | Noticed a phantom
   556 | D:6      | Noticed an ogre
   641 | D:5      | Slain by an orc

Vault maps used:
D:1:      roderic_dead_forest
D:2:      overflow_temple_1_default, first_bread
D:4:      serial_shops, shop, uniq_grinder, uniq_eustachio, uniq_blork_the_orc
D:5:      makhleb_altar_promises_db
D:6:      minmay_unpleasant_kobolds

Skill      XL: |  1  2  3  4 |
---------------+-------------+-----
Axes           | 5 6 |  6.0
Fighting       | |  3.8
Dodging        | |  2.6
Stealth        | |  1.5

Action                   |  1- 3 |  4- 6 || total
-------------------------+-------+-------++-------
Melee: Hand axe          |    64 |    25 ||    89
  Use: Potion            |       |     1 ||     1
 Stab: Sleeping          |     1 |       ||     1
Armor: Robe              |    18 |    10 ||    28
Dodge: Dodged            |    45 |    14 ||    59
